 Dungeon Crawl Stone Soup version 0.23.2-33-g5129a83184 (webtiles) character file.

Game seed: 367478260451927725

21343 Derp the Slicer (level 12, -3/112 HPs)
             Began as a Deep Dwarf Berserker on July 20, 2019.
             Was the Champion of Trog.
             Slain by an unseen horror (4 damage)
             ... on level 13 of the Dungeon.
             The game lasted 00:35:21 (10201 turns).

Derp the Slicer (Deep Dwarf Berserker)             Turns: 10201, Time: 00:35:22

Health: -3/112     AC: 22    Str: 25    XL:     12   Next: 53%
Magic:  9/9 (0)    EV: 10    Int:  9    God:    Trog [******]
Gold:   627        SH:  5    Dex: 14    Spells: 11/11 levels left

rFire    . . .     SeeInvis .   y - +7 captain's cutlass {speed, disarm}
rCold    . . .     Gourm    +   x - +0 buckler
rNeg     . . .     Faith    .   r - +0 plate armour
rPois    .         Spirit   .   R - +0 helmet
rElec    .         Reflect  .   q - +1 cloak
rCorr    .         Harm     .   n - +0 pair of gloves
MR       ++...                  o - +1 pair of boots of Snakes and Ladders {+Blink}
Stlth    ..........             v - amulet of the gourmand
HPRegen  0.00/turn              H - +2 ring of dexterity
MPRegen  0.11/turn              C - ring "Igel" {MR+ MP+9}

@: berserk cooldown, non-regenerating
A: damage resistance, heal wounds, sense surroundings 2, no regeneration
a: Heal Wounds, Berserk, Trog's Hand, Brothers in Arms, Renounce Religion, Evoke
Blink


You were on level 13 of the Dungeon.
You worshipped Trog.
Trog was exalted by your worship.
You were not hungry.

You visited 1 branch of the dungeon, and saw 13 of its levels.

You collected 666 gold pieces.
You spent 39 gold pieces at shops.

Inventory:

Hand Weapons
 a - a +0 mace
 w - the +8 great mace of Insufficient Pleasure {crush, rPois rC- Str+2 Dex+5 Stlth+, unknown}
   (You found it on level 13 of the Dungeon)

   It inflicts extra damage upon your enemies.
   It affects your strength (+2).
   It affects your dexterity (+5).
   It makes you vulnerable to cold.
   It protects you from poison.
   It makes you more stealthy.
 y - the +7 captain's cutlass (weapon) {speed, disarm}
   (You took it off a crimson imp on level 5 of the Dungeon)

   Attacks with this weapon are significantly faster.
 N - a +2 antimagic great mace
 P - a +0 hand crossbow of freezing
 S - a +1 antimagic rapier
Armour
 f - a +0 shield
 n - a +0 pair of gloves (worn)
 o - the +1 pair of boots of Snakes and Ladders (worn) {+Blink}
   (You found it on level 9 of the Dungeon)

   It lets you blink.
 q - a +1 cloak (worn)
 r - a +0 plate armour (worn)
 x - a +0 buckler (worn)
 R - a +0 helmet (worn)
Jewellery
 v - an amulet of the gourmand (around neck)
 z - an uncursed ring of protection from magic
 C - the ring "Igel" (right hand) {MR+ MP+9}
   (You found it on level 7 of the Dungeon)

   [ring of magical power]

   It affects your resistance to hostile enchantments.
   It affects your magic capacity (+9).
 H - a +2 ring of dexterity (left hand)
 J - an uncursed ring of magical power
 L - an uncursed amulet of regeneration
 Q - a cursed ring of teleportation {unknown}
Wands
 B - a wand of acid (13)
 E - a wand of disintegration (53)
 I - a wand of scattershot (6)
 K - a wand of iceblast (14)
Scrolls
 b - 2 scrolls of fear {unknown}
 d - 7 scrolls of enchant armour {unknown}
 h - a scroll of amnesia {unknown}
 i - 6 scrolls of teleportation
 j - 3 scrolls of enchant weapon {unknown}
 k - 2 scrolls of noise {unknown}
 p - 3 scrolls of blinking {unknown}
 u - 3 scrolls of immolation {unknown}
 G - 8 scrolls of remove curse
 M - a scroll of magic mapping {unknown}
 O - 2 scrolls of identify
Potions
 e - 5 potions of flight
 g - 6 potions of might
 l - 2 potions of mutation {unknown}
 m - 3 potions of magic {unknown}
 s - 5 potions of curing
 t - 3 potions of haste {unknown}
 A - a potion of berserk rage {unknown}
 D - a potion of brilliance {unknown}
 F - a potion of degeneration {unknown}
Comestibles
 c - 12 rations


   Skills:
 + Level 8.6 Fighting
 + Level 12.4 Short Blades
 + Level 7.4 Maces & Flails
 + Level 10.7 Armour
 + Level 4.4 Dodging
 + Level 1.6 Stealth
 + Level 5.2 Shields


You had 11 spell levels left.
You didn't know any spells.
Your spell library was empty.

Dungeon Overview and Level Annotations

Branches:
Dungeon (13/15)            Temple (0/1) D:4            Lair (0/6) D:11
    Orc (0/2) D:10         Vaults (0/5) D:13

Altars:
Ashenzari
Cheibriados
Elyvilon
Gozag
Hepliaklqana
Makhleb
Nemelex Xobeh
Okawaru
Qazlal
Ru
Sif Muna
Trog
Vehumet
Wu Jian
Xom
Zin
The Shining One

Shops:
D:10 !:   D:13 =

Annotations:
D:3 1 runed translucent door, Crazy Yiuf
D:5 2 runed translucent doors, Sysandra's ghost, novice OpMo


Innate Abilities, Weirdness & Mutations

You are resistant to damage.
You can heal yourself by infusing magical energy.
You passively map the area around you.
You do not regenerate.


Message History

Something hits you but does no damage. Something hits you. Something hits you.
* * * LOW HITPOINT WARNING * * *
You block something's attack.
Something hits you but does no damage. x2
You block something's attack.
You open the door. Something hits you but does no damage.
Something hits you but does no damage. x4
There is an open door here.
Something hits you but does no damage.
You feel yourself speed up. Something hits you but does no damage.
Something hits you but does no damage. Something hits you.
* * * LOW HITPOINT WARNING * * *
Something hits you but does no damage. Something hits you but does no damage.
Something hits you but does no damage. Something hits you but does no damage.
Something hits you!
You die...

#...........#.#####........#
#...........'.# #........#
#...........#.#, ,#.{......#
####........#.# #.........
#........+.# #.........
#...(....#.# #.........
#........#.+ #.........
#........#.+ ,#.........
#####.......@#.# , #....)....
#...^........#.#####...)∩)...
#............#..........)....
#............#########.....##
#.....................>......
#.....................######.
#................######....#)
#........#####...#.........#.
#........# #...#.........#.


There were no monsters in sight!

Vanquished Creatures
  A vault guard (D:13)
  A centaur warrior (D:11)
  2 two-headed ogres
  Pikel (D:8)
  2 manticores
  Maurice (D:8)
  3 ugly things
  Joseph (D:8)
  A komodo dragon (D:13)
  4 trolls
  A hornet (D:11)
  3 hippogriffs
  2 slime creatures (D:12)
  A wraith (D:13)
  A shadow (D:11)
  14 yaks
  A wyvern (D:10)
  10 humans (D:13)
  2 steam dragons
  3 vampire mosquitoes (D:12)
  Menkaure (D:7)
  A soldier ant (D:13)
  An acid dragon (D:12)
  A water moccasin (D:7)
  8 orc warriors
  2 eyes of draining
  7 ice beasts
  4 sky beasts
  A black bear (D:6)
  4 phantoms
  2 necrophages
  8 ogres
  12 centaurs
  5 big kobolds
  12 bullfrogs
  A gnoll sergeant (D:7)
  3 scorpions
  2 wyvern skeletons
  5 killer bees (D:13)
  2 howler monkeys
  2 electric eels (D:11)
  7 crimson imps
  A bullfrog zombie (D:5)
  A bullfrog skeleton (D:11)
  3 centaur zombies
  8 jellies
  9 orc priests
  6 hounds
  A centaur skeleton (D:12)
  Terence (D:3)
  2 iguanas
  12 orc wizards
  9 worker ants
  3 worker ant zombies
  10 gnolls (D:7)
  7 adders
  3 shadow imps
  6 oozes
  2 adder zombies
  An adder skeleton (D:4)
  3 worms
  3 dart slugs
  2 leopard geckos
  71 orcs
  5 giant cockroaches
  8 goblins
  4 hobgoblins
  8 jackals
  24 kobolds
  6 quokkas
  A ball python (D:3)
  10 bats
  6 frilled lizards
  2 jackal skeletons
  A jackal zombie (D:5)
  A leopard gecko zombie (D:9)
  A quokka skeleton (D:5)
  11 rats
  A fungus (D:3)
399 creatures vanquished.

Vanquished Creatures (others)
  A human (D:13)
  A crimson imp (D:8)
  A leopard gecko (D:8)
3 creatures vanquished.

Grand Total: 402 creatures vanquished

Notes
Turn   | Place    | Note
-------+----------+-------------------------------------------
     0 | D:1      | Derp the Deep Dwarf Berserker began the quest for the Orb.
     0 | D:1      | Reached XP level 1. HP: 20/20 MP: 1/1
   140 | D:1      | Reached XP level 2. HP: 22/27 MP: 2/2
   390 | D:1      | You fall through a shaft!
   478 | D:2      | Reached XP level 3. HP: 21/34 MP: 3/3
   517 | D:2      | Found an opulent altar of Gozag.
   599 | D:2      | Reached ** piety under Trog
   747 | D:2      | Reached XP level 4. HP: 38/42 MP: 3/3
  1240 | D:3      | Noticed Terence
  1253 | D:3      | Killed Terence
  1282 | D:3      | Reached skill level 1 in Stealth
  1285 | D:3      | Reached XP level 5. HP: 19/49 MP: 4/4
  1359 | D:3      | Found an ornate altar of the Wu Jian Council.
  1611 | D:3      | Reached *** piety under Trog
  1920 | D:3      | Found a runed translucent door.
  1921 | D:3      | Noticed Crazy Yiuf
  2104 | D:4      | Found a staircase to the Ecumenical Temple.
  2225 | D:4      | Reached XP level 6. HP: 39/57 MP: 5/5
  2232 | D:4      | Reached skill level 5 in Maces & Flails
  2704 | D:5      | Entered Level 5 of the Dungeon
  2775 | D:5      | Reached XP level 7. HP: 49/64 MP: 5/5
  2797 | D:5      | Found an iron altar of Okawaru.
  2836 | D:5      | Found a bloodstained altar of Trog.
  2973 | D:5      | Found a burning altar of Makhleb.
  2974 | D:5      | Found a shimmering altar of Xom.
  2985 | D:5      | Reached skill level 1 in Shields
  3113 | D:5      | Found a sparkling altar of Nemelex Xobeh.
  3274 | D:5      | Found a large runed translucent door.
  3274 | D:5      | Found a large runed translucent door.
  3279 | D:5      | Noticed Sysandra's ghost (novice OpMo)
  3470 | D:5      | Reached skill level 5 in Armour
  3470 | D:5      | Reached XP level 8. HP: 52/73 MP: 3/3
  3538 | D:5      | Found a hazy altar of Hepliaklqana.
  3747 | D:6      | Found a sacrificial altar of Ru.
  3865 | D:6      | Found a glowing silver altar of Zin.
  3871 | D:6      | Reached skill level 1 in Short Blades
  3894 | D:6      | Found a glowing golden altar of the Shining One.
  3972 | D:6      | Reached skill level 2 in Short Blades
  4015 | D:6      | Reached skill level 5 in Fighting
  4017 | D:6      | Reached **** piety under Trog
  4314 | D:7      | Reached skill level 3 in Short Blades
  4379 | D:7      | Got a brightly glowing pewter ring
  4439 | D:7      | Gained mutation: You passively map the area around you.
                  | [Deep Dwarf growth]
  4439 | D:7      | Reached XP level 9. HP: 75/81 MP: 3/3
  4529 | D:7      | Reached skill level 4 in Short Blades
  4530 | D:7      | Found a deep blue altar of Sif Muna.
  4591 | D:7      | Noticed Menkaure
  4609 | D:7      | Killed Menkaure
  4609 | D:7      | Reached skill level 5 in Short Blades
  4628 | D:7      | Identified the ring "Igel" {MR+ MP+9} (You found it on
                  | level 7 of the Dungeon)
  4746 | D:7      | Found a shattered altar of Ashenzari.
  4822 | D:7      | Reached ***** piety under Trog
  4837 | D:7      | Reached skill level 6 in Short Blades
  4936 | D:7      | Found a radiant altar of Vehumet.
  5139 | D:8      | Noticed Maurice
  5140 | D:8      | Noticed Joseph
  5149 | D:8      | Killed Maurice
  5169 | D:8      | Killed Joseph
  5169 | D:8      | Reached skill level 7 in Short Blades
  5239 | D:8      | Noticed Pikel
  5253 | D:8      | Killed Pikel
  5253 | D:8      | Reached XP level 10. HP: 91/91 MP: 1/1
  5317 | D:8      | Reached skill level 8 in Short Blades
  5328 | D:8      | Found a snail-covered altar of Cheibriados.
  5392 | D:8      | Noticed a two-headed ogre
  5396 | D:8      | Killed a two-headed ogre
  5609 | D:8      | Found a stormy altar of Qazlal.
  6179 | D:9      | Reached skill level 9 in Short Blades
  6382 | D:9      | Received a gift from Trog
  6522 | D:9      | Got a pair of heavily runed boots
  6630 | D:9      | Found a white marble altar of Elyvilon.
  6793 | D:9      | Identified the +1 pair of boots of Snakes and Ladders
                  | {+Blink} (You found it on level 9 of the Dungeon)
  6794 | D:10     | Entered Level 10 of the Dungeon
  6944 | D:10     | Received a gift from Trog
  6944 | D:10     | Reached XP level 11. HP: 93/99 MP: 2/2
  6947 | D:10     | Found a staircase to the Orcish Mines.
  7016 | D:10     | Found Zitivo's Book Shop.
  7045 | D:10     | Found Vouggin's Distillery.
  7049 | D:10     | Bought a potion of curing for 39 gold pieces
  7511 | D:11     | Reached skill level 10 in Short Blades
  7527 | D:11     | Noticed a centaur warrior
  7538 | D:11     | Killed a centaur warrior
  7571 | D:11     | Noticed a cyan ugly thing
  7590 | D:11     | Killed a cyan ugly thing
  7601 | D:11     | Found a staircase to the Lair.
  8351 | D:12     | Received a gift from Trog
  8610 | D:12     | Reached skill level 11 in Short Blades
  8662 | D:12     | Noticed a red ugly thing
  8683 | D:12     | Killed a red ugly thing
  8704 | D:12     | Noticed a two-headed ogre
  8714 | D:12     | Killed a two-headed ogre
  8775 | D:12     | Reached skill level 5 in Shields
  9009 | D:13     | Found a flagged portal.
  9039 | D:13     | Reached XP level 12. HP: 88/111 MP: 1/1
  9333 | D:13     | Found Totsya's Jewellery Shoppe.
  9673 | D:13     | HP: 4/111 [something (5)]
  9708 | D:13     | Reached skill level 10 in Armour
  9733 | D:13     | Reached skill level 12 in Short Blades
  9771 | D:13     | Reached ****** piety under Trog
  9916 | D:13     | Noticed a vault guard
  9929 | D:13     | Received a gift from Trog
  9938 | D:13     | Killed a vault guard
  9998 | D:13     | Found a gate to the Vaults.
 10033 | D:13     | Got a pitted great mace
 10189 | D:13     | HP: 3/112 [something (3)]
 10197 | D:13     | HP: 1/112 [something (2)]
 10201 | D:13     | Slain by an unseen horror

Skill      XL: |  1  2  3  4  5  6  7  8  9 10 11 12 |
---------------+-------------------------------------+-----
Fighting       | 3 4 5 6 8 |  8.6
Maces & Flails | 4 5 6 7 |  7.4
Dodging        | 3 4 |  4.4
Stealth        | 1 |  1.6
Armour         | 3 4 5 6 7 8 9 10 | 10.7
Shields        | 1 3 4 5 |  5.2
Short Blades   | 3 7 9 11 12 | 12.4

Action                   |  1- 3 |  4- 6 |  7- 9 | 10-12 || total
-------------------------+-------+-------+-------+-------++-------
Melee: Mace              |    94 |   291 |   158 |       ||   543
       Cutlass           |       |       |   239 |   878 ||  1117
Invok: Berserk           |       |     2 |     4 |     5 ||    11
       Trog's Hand       |       |     2 |     2 |       ||     4
 Abil: Heal Wounds       |     1 |     4 |    10 |    14 ||    29
  Use: Scroll            |       |     1 |     4 |     8 ||    13
       Potion            |       |       |       |     4 ||     4
 Stab: Sleeping          |     1 |     1 |       |       ||     2
  Eat: Ration            |       |     2 |     2 |     2 ||     6
       Chunk             |       |     2 |     6 |    16 ||    24
Armor: Animal skin       |    23 |       |       |       ||    23
       Scale mail        |       |    55 |       |       ||    55
       Plate armour      |       |   145 |   177 |   343 ||   665
       Leather armour    |       |    25 |       |       ||    25
Dodge: Dodged            |    81 |   233 |   119 |   203 ||   636
Block: Buckler           |       |       |    65 |   119 ||   184
